 Dungeon Crawl Stone Soup version 0.26-a0-58-g79b31b8662 (webtiles) character file.

Game seed: 13993544753037850170

191 Ozzies the Skirmisher (level 5, 0/37 HPs)
             Began as a Gargoyle Fighter on June 8, 2020.
             Slain by an orc
             ... wielding a +0 flail
              (5 damage)
             ... on level 3 of the Dungeon.
             The game lasted 00:06:44 (2908 turns).

Ozzies the Skirmisher (Gargoyle Fighter)            Turns: 2908, Time: 00:06:45

Health: 0/37       AC: 13    Str: 20    XL:     5   Next: 70%
Magic:  5/5        EV:  7    Int:  9    God:
Gold:   180        SH:  9    Dex:  9    Spells: 4/4 levels left

rFire    . . .     SeeInvis .   a - +0 flail
rCold    . . .     Gourm    .   c - +0 kite shield
rNeg     + . .     Faith    .   b - +0 scale mail
rPois    ∞         Spirit   .   (no helmet)
rElec    +         Reflect  .   (no cloak)
rCorr    .         Harm     .   e - +0 pair of gloves
MR       .....                  n - +0 pair of boots
Stlth    ..........             (no amulet)
HPRegen  0.12/turn              (no ring)
MPRegen  0.09/turn              (no ring)

@: mighty
A: negative energy resistance 1, electricity resistance, unbreathing,
petrification resistance, rot immunity, AC +4
a: no special abilities


You were on level 3 of the Dungeon.
You were not hungry.

You visited 1 branch of the dungeon, and saw 4 of its levels.

You collected 180 gold pieces.

Inventory:

Hand Weapons
 a - a +0 flail (weapon)
Armour
 b - a +0 scale mail (worn)
 c - a +0 kite shield (worn)
 e - a +0 pair of gloves (worn)
 n - a +0 pair of boots (worn)
Jewellery
 w - an uncursed ring of protection from cold {unknown}
Scrolls
 g - 2 scrolls of remove curse {unknown}
 i - 5 scrolls of enchant weapon {unknown}
 j - 2 scrolls of identify {unknown}
 k - a scroll of immolation {unknown}
 m - 3 scrolls of blinking {unknown}
 o - a scroll of teleportation {unknown}
 q - a scroll of noise {unknown}
 r - a scroll of enchant armour {unknown}
 t - a scroll of magic mapping {unknown}
 y - a scroll of amnesia {unknown}
Potions
 h - 2 potions of lignification {unknown}
 l - a potion of degeneration {unknown}
 p - 3 potions of curing {unknown}
 s - a potion of flight {unknown}
 u - a potion of mutation {unknown}
 v - a potion of magic {unknown}
 x - a potion of heal wounds {unknown}
Comestibles
 f - 6 rations


   Skills:
 + Level 6.8 Fighting
 - Level 2.0 Maces & Flails
 - Level 3.3 Armour
 - Level 3.3 Shields


You had 4 spell levels left.
You didn't know any spells.
Your spell library contained the following spells:

 Spells                   Type           Power        Failure   Level  Hunger
 Beastly Appendage        Tmut           #.....       99%         1    ##.....
 Sticks to Snakes         Tmut           #.......     100%        2    ###....
 Spider Form              Tmut/Pois      #.........   100%        3    ####...
 Ice Form                 Ice/Tmut       #.......     100%        4    #####..
 Blade Hands              Tmut           #.........   100%        5    ######.


Dungeon Overview and Level Annotations

Branches:
Dungeon (4/15)
 Temple: D:4-7

Altars:
Kikubaaqudgha
Xom


Innate Abilities, Weirdness & Mutations

You are resistant to torment.
Your stone body is resilient. (AC +4)
You are immune to poison.
You resist negative energy. (rN+)
You are resistant to electric shocks. (rElec)
You can survive without breathing.
You are immune to petrification.
You are immune to rotting.


Message History

The frilled lizard barely misses you. The orc wizard casts a spell at you.
The puff of flame hits you!
* * * LOW HITPOINT WARNING * * *
You closely miss the orc wizard.
The orc wizard is lightly wounded.
The worker ant bites you but does no damage.
You block the frilled lizard's attack.
The orc wizard hits you but does no damage.
The orc hits you but does no damage.
The worker ant bites you but does no damage.
The frilled lizard closely misses you. You block the orc wizard's attack.
You sock the orc wizard!
The orc wizard is severely wounded.
The worker ant bites you but does no damage.
The orc hits you but does no damage.
The frilled lizard bites you but does no damage.
You block the orc wizard's attack. The worker ant misses you.
The orc hits you with a +0 flail.
You die...

###### ######....# #########
..........# ##...#...##
..........######.........##
.........................[#
.........(..#.............#####
#.........#...#...........#...#
#####..######..l@o(((....##...###
##.# ####(.oa............... #.#
##.....#..###...........
#.###..#####..(...##########
##.....## #.##(.## ###
####.....## #.##.## #####..
##....###.## #..#.# ####.....#
#..#### #..### ##...###....#####
#..# ##...# ###......#### ##


You could see a worker ant, an orc wizard, an orc and a frilled lizard.

Vanquished Creatures
  A hound (D:2)
  2 adders
  7 gnolls
  5 leopard geckos
  A ball python (D:1)
  A bat zombie (D:3)
  2 giant cockroaches (D:1)
  7 goblins
  7 hobgoblins (D:1)
  8 jackals
  10 kobolds
  7 bats
  4 frilled lizards
  8 rats
  2 rat zombies (D:3)
72 creatures vanquished.

Notes
Turn   | Place    | Note
-------+----------+-------------------------------------------
     0 | D:1      | Ozzies the Gargoyle Fighter began the quest for the Orb.
     0 | D:1      | Reached XP level 1. HP: 14/14 MP: 1/1
   120 | D:1      | Reached XP level 2. HP: 17/20 MP: 2/2
   177 | D:1      | Reached skill level 4 in Fighting
   467 | D:1      | Reached XP level 3. HP: 21/24 MP: 3/3
  1106 | D:2      | Reached skill level 5 in Fighting
  1282 | D:2      | Reached XP level 4. HP: 20/31 MP: 4/4
  2029 | D:3      | Reached skill level 6 in Fighting
  2029 | D:3      | Reached XP level 5. HP: 16/36 MP: 5/5
  2750 | D:3      | Found an ancient bone altar of Kikubaaqudgha.
  2844 | D:3      | Found a shimmering altar of Xom.
  2908 | D:3      | Slain by an orc

Illustrated notes

Levels and vault maps discovered:
D:1:      grunt_arrival_lava_bath, layout_basic
D:2:      layout_basic, first_ration, grunt_decor_mini_mirrors
D:3:      layout_rooms, lemuel_zombie_altar_kikubaaqudgha, lemuel_crystal_altar
D:4:      wander_river, layout_basic, lemuel_doored_altar, kennysheep_mini,
          minmay_temple_entry_antechambers, serial_shops, shop_statue

Skill      XL: |  1  2  3  4 |
---------------+-------------+-----
Fighting       | 4 5 6 |  6.8
Maces & Flails | |  2.0
Armour         | |  3.3
Shields        | |  3.3

Action                   |  1- 3 |  4- 6 || total
-------------------------+-------+-------++-------
Melee: Flail             |   230 |   140 ||   370
  Use: Potion            |       |     1 ||     1
  Eat: Chunk             |     2 |     5 ||     7
Armor: Scale mail        |   143 |   118 ||   261
Dodge: Dodged            |    96 |    72 ||   168
Block: Kite shield       |   138 |   114 ||   252

Table legend:
 A = Non-vault XP
 B = Vault XP
 C = Vault XP percentage of total XP
 D = Non-vault monster count
 E = Vault monster count
 F = Vault count percentage of total count
                 A         B        C        D         E       F
            +---------+---------+-------+---------+---------+-------
      Total |     270 |       4 |   1.5 |      69 |       3 |   4.2
            +---------+---------+-------+---------+---------+-------
        D:1 |      55 |       0 |   0.0 |      32 |       0 |   0.0
        D:2 |      98 |       0 |   0.0 |      18 |       0 |   0.0
        D:3 |     117 |       4 |   3.3 |      19 |       3 |  13.6
            +---------+---------+-------+---------+---------+-------
